[Event "Early-Titled-Tuesday-Blitz-May-14-2024"]
[Site "Chess.com"]
[Date "2024.05.14"]
[Round "1"]
[White "Eliwood44"]
[Black "Makswolf200817"]
[Result "1-0"]
[WhiteElo "2465"]
[BlackElo "2769"]
[TimeControl "180+1"]
[EndTime "8:05:55 PDT"]
[Termination "Eliwood44 won by resignation"]

1. d4 d5 2. c4 e6 3. Nc3 c6 4. e4 dxe4 5. Nxe4 Bb4+ 6. Nc3 c5 7.
Nf3 Nf6 8. a3 Ba5 9. Be2 Nc6 10.
d5 exd5 11. b4 cxb4 12. Nxd5 bxa3+ 13. Kf1 Be6 14. Nxf6+ Qxf6 15. Rxa3 Rd8 16. Qb3 Bb4 17. Bg5 Qf5 18. Ra4 f6 19. Be3 a5 20. h4 O-O 21. h5 b5 22. Ra2 bxc4 23. Bxc4 Bxc4+ 24. Qxc4+ Kh8 25. Ke2 Rc8 26. h6 Rfd8 27. hxg7+ Kxg7 28. Nh4 Qh5+ 29. g4 Qe5 30. Nf5+ Kh8 31. Rxh7+ Kxh7 32.
Qf7+ 1-0

[Event "Early-Titled-Tuesday-Blitz-May-14-2024"]
[Site "Chess.com"]
[Date "2024.05.14"]
[Round "1"]
[White "Flameboard08"]
[Black "KorolDimitriy75"]
[Result "1-0"]
[WhiteElo "2733"]
[BlackElo "2408"]
[TimeControl "180+1"]
[EndTime "8:05:55 PDT"]
[Termination "Flameboard08 won on time"]

1. f4 c5 2. e4 g6 3. Nf3 Bg7 4. c3 d5 5. e5 Nc6 6. d4 Qb6 7. h3 Bf5 8. Bd3 Nh6 9. g4 Bxd3 10. Qxd3 O-O 11. dxc5 Qxc5 12. Be3 Qa5 13. Nbd2 Rad8 14.
Nb3 Qc7 15. O-O-O f6 16. exf6 exf6 17. Nfd4 Rfe8 18. Rhf1 a5 19. a4 Qc8 20. Kb1 f5 21. g5 Nf7 22. Nxc6 bxc6 23. Nxa5 Nd6 24. Bb6 Rd7 25.
Rfe1 Ne4 26. Nb3 c5 27. Qb5 Rb7 28. Nxc5 Nxc5 29. Rxe8+ 1-0

[Event "Early-Titled-Tuesday-Blitz-May-14-2024"]
[Site "Chess.com"]
[Date "2024.05.14"]
[Round "1"]
[White "ChessboArt"]
[Black "Kazmin_Semyon"]
[Result "0-1"]
[WhiteElo "2249"]
[BlackElo "2602"]
[TimeControl "180+1"]
[EndTime "8:05:55 PDT"]
[Termination "Kazmin_Semyon won by resignation"]

1. Nf3 Nf6 2. g3 g6 3. b3 Bg7 4. Bb2 c5 5. c4 Nc6 6. Bg2 O-O 7. O-O d5 8. cxd5 Nxd5 9. Bxg7 Kxg7 10. d4 cxd4 11.
Nxd4 e5 12. Nxc6 bxc6 13. Qc2 Bb7 14. Nd2 f5 15. e4 Nb4 16. Qc3 Qd4 17. Rac1 Rfd8 18.
Nc4 Nxa2 19. Qxd4 exd4 20. Ra1 Nc3 21. exf5 gxf5 22. Ne5 Rd6 23. Nd3 a5 24. Rfe1 Ba6 25. Nc5 d3 26. Bf3 d2 27. Red1 Nxd1 28. Rxd1 Bb5 29.
Kg2 a4 30. bxa4 Bxa4 31. Nxa4 Rxa4 32. Kf1 c5 33. Ke2 Ra2 34. Bh5 c4 35. Rb1 c3 0-1

[Event "Early-Titled-Tuesday-Blitz-May-14-2024"]
[Site "Chess.com"]
[Date "2024.05.14"]
[Round "1"]
[White "JiaHaoxiang"]
[Black "Maria_Elayza"]
[Result "1-0"]
[WhiteElo "2599"]
[BlackElo "2248"]
[TimeControl "180+1"]
[EndTime "8:05:55 PDT"]
[Termination "JiaHaoxiang won by resignation"]

1. e4 e6 2. d4 d5 3. e5 c5 4. c3 Qb6 5. Nf3 Bd7 6. a3 Bb5 7. Bxb5+ Qxb5 8. b4 cxd4 9. cxd4 Nc6 10. Nc3 Qb6 11.
O-O Nge7 12. Bb2 Nf5 13. Na4 Qd8 14. Rc1 Be7 15. Nc5 Rb8 16. g4 Nh4 17. Nxh4 Bxh4 18. f4 Be7 19. f5 Bxc5 20. Rxc5 Qg5 21. fxe6 fxe6 22. Qf3 Qe7 23. b5 Nd8 24. Qc3 Rf8 25. Rxf8+ Qxf8 26. Rc7 h6 27. a4 h5 28. Ba3 Qh8 29. Re7+ Kf8 30. Qf3+ Kg8 31. Re8+ Kh7 32. Rxh8+ Kxh8 1-0

[Event "Early-Titled-Tuesday-Blitz-May-14-2024"]
[Site "Chess.com"]
[Date "2024.05.14"]
[Round "1"]
[White "Real_taiatai"]
[Black "Kirill_Klukin"]
[Result "0-1"]
[WhiteElo "2475"]
[BlackElo "2827"]
[TimeControl "180+1"]
[EndTime "8:05:56 PDT"]
[Termination "Kirill_Klukin won by resignation"]

1. d4 Nf6 2. Nf3 e6 3. Bg5 c5 4. c3 Be7 5. Nbd2 b6 6. e4 Bb7 7. Bd3 h6 8. Bh4 d6 9. O-O Nbd7 10. Re1 O-O 11. Qe2 Nh5 12. Bxe7 Qxe7 13. g3 cxd4 14.
cxd4 Rfc8 15. Rac1 e5 16. d5 Nhf6 17. Ba6 Bxa6 18.
Qxa6 Nc5 19. Qe2 Qd7 20. b4 Na4 21. Nh4 Rc7 22. Nf5 Rac8 23. Rxc7 Rxc7 24. Nc4 Nc3 25. Qd3 Ncxe4 26. Rxe4 Qxf5 27. Nxd6 Qd7 28. Nf5 Qxf5 29. d6 Rc1+ 30. Kg2 Qxe4+ 31. Qxe4 Nxe4 32. d7 Rd1 0-1

[Event "Early-Titled-Tuesday-Blitz-May-14-2024"]
[Site "Chess.com"]
[Date "2024.05.14"]
[Round "1"]
[White "Sokoloco"]
[Black "MaiqMaster"]
[Result "1-0"]
[WhiteElo "2785"]
[BlackElo "2449"]
[TimeControl "180+1"]
[EndTime "8:05:56 PDT"]
[Termination "Sokoloco won by resignation"]

1. b3 Nf6 2. Bb2 c5 3. c4 Nc6 4. g3 g6 5. Bxf6 exf6 6. Nc3 Bg7 7. Bg2 O-O 8. e3 f5 9. Nge2 d6 10. O-O Be6 11. Rc1 Ne7 12. Bxb7 Rb8 13. Bg2 d5 14. cxd5 Nxd5 15. Nxd5 Bxd5 16. Rxc5 Bxg2 17. Kxg2 Qd3 18. Nf4 Qe4+ 19. Qf3 Rfd8 20. d4 Qe7 21. Rfc1 Qd6 22.
Qc6 Qe7 23. Qf3 Qd6 24. Rc7 Qa6 25. Qe2 Qa5 26. R1c2 g5 27. Qh5 Rf8 28. Qxg5 h6 29.
Qe7 Qe1 30. Rxa7 Rbe8 31. Qd7 Qd1 32. Qxf5 Qb1 33. Rac7 Ra8 34. Nh5 Rxa2 35. Qg4 1-0

[Event "Early-Titled-Tuesday-Blitz-May-14-2024"]
[Site "Chess.com"]
[Date "2024.05.14"]
[Round "1"]
[White "Der_Balak_3Halak"]
[Black "krstulov_alex"]
[Result "1-0"]
[WhiteElo "2368"]
[BlackElo "2650"]
[TimeControl "180+1"]
[EndTime "8:05:56 PDT"]
[Termination "Der_Balak_3Halak won by resignation"]

1. e4 c6 2. d4 d5 3. exd5 cxd5 4. Nf3 Nf6 5. Bf4 Nc6 6. Bb5 Bd7 7. O-O e6 8. c3 Be7 9. Re1 O-O 10. Nbd2 Qb6 11. Qe2 Rfc8 12. Rab1 a6 13. Bd3 Na5 14. b4 Nc6 15. Nb3 Na7 16. Nc5 Bb5 17. Ne5 Bxd3 18. Qxd3 Qb5 19. Qh3 b6 20. Nxf7 Bxc5 21. bxc5 Kxf7 22.
Qxe6+ Kg6 23. Rxb5 Nxb5 24. g4 bxc5 25. Qf5+ Kf7 26. g5 Rg8 27. gxf6 gxf6+ 1-0

[Event "Early-Titled-Tuesday-Blitz-May-14-2024"]
[Site "Chess.com"]
[Date "2024.05.14"]
[Round "1"]
[White "GMAneta"]
[Black "PattyCastillo"]
[Result "1-0"]
[WhiteElo "2562"]
[BlackElo "2074"]
[TimeControl "180+1"]
[EndTime "8:05:57 PDT"]
[Termination "GMAneta won by resignation"]

1. d4 d5 2. Nf3 Nf6 3. c4 c6 4. Nc3 e6 5. cxd5 exd5 6. Bg5 Be7 7. Qc2 h6 8. Bh4 Bg4 9. Ne5 Be6 10. e3 Nbd7 11.
Nd3 Ne4 12. Bxe7 Qxe7 13. Nxe4 dxe4 14. Nf4 Bd5 15. Nxd5 cxd5 16. Be2 O-O 17. Rc1 Qb4+ 18. Qc3 Qxc3+ 19. Rxc3 Rac8 20. Kd2 Nb6 21. Rhc1 Rxc3 22.
Rxc3 Rc8 23. Rxc8+ Nxc8 24. Kc3 a5 25. b4 axb4+ 26.
Kxb4 Kf8 27. Kc5 Ne7 28. Kb6 Nc6 29. Kxb7 Nb4 30. a4 Ke7 31. a5 Kd6 32. a6 1-0

[Event "Early-Titled-Tuesday-Blitz-May-14-2024"]
[Site "Chess.com"]
[Date "2024.05.14"]
[Round "1"]
[White "GelmanAlexander"]
[Black "Nechitaylo_Nikita"]
[Result "0-1"]
[WhiteElo "2647"]
[BlackElo "2358"]
[TimeControl "180+1"]
[EndTime "8:05:59 PDT"]
[Termination "Nechitaylo_Nikita won by resignation"]

1. c4 c5 2. e3 Nc6 3. Nf3 e5 4. d3 g6 5. a3 a5 6. Be2 Bg7 7. Nc3 Nge7 8. O-O d5 9. cxd5 Nxd5 10. Ne4 Qe7 11. Qc2 b6 12. Bd2 O-O 13. Rac1 Ba6 14. Rfd1 Rad8 15. Qb3 Kh8 16. h3 f5 17. Ng3 f4 18. Nf1 e4 19. dxe4 Bxe2 20. exd5 Bxd1 21. Rxd1 Ne5 22. e4 Nxf3+ 23. Qxf3 Bxb2 24. Rb1 Bd4 25. Rxb6 Rb8 26. Rxb8 Rxb8 27. Qxf4 Rf8 28. Qh6 Rxf2 29. Kh2 Qd6+ 30. Ng3 Be5 31. Qe3 Bxg3+ 32. Kg1 Qf6 33. Qxg3 Rxd2 34. e5 Qf5 35. d6 Qb1+ 36. Kh2 Qf5 37. Qc3 Rd5 38. e6+ Kg8 39. e7 Kf7 40. Qh8 Qe5+ 41. Qxe5 Rxe5 42. Kg3 Ke8 43. Kf4 Rd5 44.
g4 Rxd6 45. Ke5 Kxe7 0-1

[Event "Early-Titled-Tuesday-Blitz-May-14-2024"]
[Site "Chess.com"]
[Date "2024.05.14"]
[Round "1"]
[White "GoltsevDmitry2000"]
[Black "JacksterThePro"]
[Result "0-1"]
[WhiteElo "2748"]
[BlackElo "2450"]
[TimeControl "180+1"]
[EndTime "8:06:01 PDT"]
[Termination "JacksterThePro won by checkmate"]

1. e4 e5 2. Nf3 Nc6 3. Bb5 g6 4. c3 a6 5. Ba4 Bg7 6. O-O d6 7. d4 exd4 8. cxd4 b5 9. Bb3 Nge7 10.
Bg5 O-O 11. Nc3 h6 12. Be3 Na5 13. Bc2 Nc4 14. Bc1 c5 15. d5 f5 16. Qe2 f4 17.
Rb1 Bg4 18. h3 Bh5 19. g4 fxg3 20. fxg3 Bxf3 21. Rxf3 Rxf3 22. Qxf3 Qd7 23. Qg2 Rf8 24. Bd3 Bd4+ 25. Kh2 Rf2 26. Qxf2 Bxf2 27. Bxh6 Ne5 28. Be2 b4 29. Nd1 Bd4 30. Ne3 Nf7 31. Bg4 Qa4 32.
Bd1 Qxa2 33. Rc1 Nxh6 34. Nc4 Nf7 35. Bg4 Ne5 36. Be6+ Kg7 37. h4 Nxc4 38. Rf1 Qxb2+ 39. Kh3 Ne5 40. h5 gxh5 41. Kh4 Qh2+ 42. Kg5 Be3+ 43. Rf4 Nf3# 0-1

[Event "Early-Titled-Tuesday-Blitz-May-14-2024"]
[Site "Chess.com"]
[Date "2024.05.14"]
[Round "1"]
[White "TheAlienParty"]
[Black "RandomNoob04"]
[Result "0-1"]
[WhiteElo "2422"]
[BlackElo "2749"]
[TimeControl "180+1"]
[EndTime "8:06:01 PDT"]
[Termination "RandomNoob04 won by resignation"]

1. c4 Nf6 2. Nf3 e6 3. e3 d5 4. b3 Be7 5. Bb2 O-O 6. Be2 c5 7. O-O Nc6 8. d4 cxd4 9. cxd5 Nxd5 10. Nxd4 Bf6 11. Bf3 Qb6 12. Na3 Nxd4 13. Bxd4 Bxd4 14. Qxd4 Qxd4 15. exd4 Rd8 16. Rfd1 b6 17. Nc4 Kf8 18. Ne3 Bb7 19. Bxd5 Bxd5 20. Rac1 Rac8 21. Kf1 Ke7 22.
Ke2 Kd6 23. f3 Bb7 24. g3 Ke7 25. Rxc8 Rxc8 26. d5 exd5 27. Nxd5+ Kf8 28. f4 Rc2+ 29. Ke3 Rxa2 30. Nb4 Rb2 31. Rd3 a5 32. Nd5 Bxd5 33. Rxd5 Rxb3+ 34. Ke4 b5 35. Rd8+ Ke7 36. Ra8 a4 37. Ra7+ Kd6 38. Rxf7 a3 39. Rxg7 a2 40. Ra7 Rb4+ 41. Kf3 Ra4 42. Rxh7 a1=Q 43. Rh6+ Ke7 44. h4 Qd1+ 0-1

[Event "Early-Titled-Tuesday-Blitz-May-14-2024"]
[Site "Chess.com"]
[Date "2024.05.14"]
[Round "1"]
[White "ChessSG1"]
[Black "Buzhizhebuguai"]
[Result "1-0"]
[WhiteElo "2468"]
[BlackElo "2764"]
[TimeControl "180+1"]
[EndTime "8:06:02 PDT"]
[Termination "ChessSG1 won by resignation"]

1. c4 g6 2. g3 Bg7 3. Bg2 c5 4. Nc3 Nc6 5. a3 d6 6. Rb1 e6 7. b4 Nge7 8. e3 O-O 9. Nge2 Rb8 10. d3 b6 11. b5 Na5 12. e4 Bb7 13. Bf4 Qd7 14. O-O Rbd8 15. Bd2 f5 16. Na4 Kh8 17. Bxa5 bxa5 18. Qd2 Qc7 19. b6 axb6 20. Nxb6 Nc6 21. Na4 Ba8 22. Nac3 Rd7 23. Nb5 Qd8 24. Nf4 Re8 25. h4 Ne5 26. Rfe1 Bc6 27. exf5 gxf5 28. Bxc6 Nxc6 29. Nxe6 Qa8 30. Nec7 Rxe1+ 31. Rxe1 Qg8 32. Re8 Bf8 33. Ne6 Ne5 34. Qe2 Rf7 35. Nxd6 Rf6 1-0

[Event "Early-Titled-Tuesday-Blitz-May-14-2024"]
[Site "Chess.com"]
[Date "2024.05.14"]
[Round "1"]
[White "Idiioteque"]
[Black "MrLion3000"]
[Result "0-1"]
[WhiteElo "2445"]
[BlackElo "2773"]
[TimeControl "180+1"]
[EndTime "8:06:04 PDT"]
[Termination "MrLion3000 won by resignation"]

1. e4 e6 2. d4 d5 3. exd5 exd5 4. Nf3 Bd6 5. c4 c6 6. Nc3 Ne7 7. cxd5 cxd5 8. Bd3 O-O 9. h3 Nbc6 10. O-O a6 11.
Re1 Bf5 12. Bxf5 Nxf5 13. Nxd5 Bh2+ 14. Kxh2 Qxd5 15. Bf4 Rad8 16. Rc1 Nfxd4 17. Nxd4 Nxd4 18. Rc3 Qxa2 19. Rd3 Qd5 20. Qg4 Qf5 21. Qxf5 Nxf5 22. Rb3 b5 23. Ra3 Rd4 24. Be3 Nxe3 25. Rexe3 Rd6 26.
Re7 g6 27. b4 Rc8 28. Ra7 Rcc6 29. f3 Kg7 30. h4 h5 31. Kg3 Rd2 32. R3xa6 Rcc2 33. Kf4 Rxg2 34. Rb6 Rc4+ 35. Ke3 Rc3+ 36. Kf4 Rf2 0-1

[Event "Early-Titled-Tuesday-Blitz-May-14-2024"]
[Site "Chess.com"]
[Date "2024.05.14"]
[Round "1"]
[White "DvaHrasta"]
[Black "Firouzja2003"]
[Result "0-1"]
[WhiteElo "2548"]
[BlackElo "3194"]
[TimeControl "180+1"]
[EndTime "8:06:05 PDT"]
[Termination "Firouzja2003 won on time"]

1. c4 Nf6 2. g3 g6 3. Bg2 Bg7 4. Nc3 O-O 5. Nf3 d6 6. O-O e5 7. d3 Nc6 8. Rb1 a5 9. a3 Re8 10. e4 Nd4 11. Nxd4 exd4 12. Ne2 Nd7 13. b4 axb4 14.
axb4 c5 15. Bb2 Ne5 16. h3 Bd7 17. bxc5 dxc5 18. f4 Nc6 19. Ra1 Nb4 20. Qb3 b5 21.
e5 Rb8 22. cxb5 Bxb5 23. Nc1 Bd7 24. Qd1 Be6 25. Ba3 Nd5 26. Qf3 Ne3 27. Rf2 Bd5 28.
Qe2 Bxg2 29. Rxg2 Nxg2 30. Qxg2 Ra8 31. Nb3 Qb6 32. Qc2 c4 33. Qxc4 Rec8 34. Qd5 Bf8 0-1

[Event "Early-Titled-Tuesday-Blitz-May-14-2024"]
[Site "Chess.com"]
[Date "2024.05.14"]
[Round "1"]
[White "Franmu14"]
[Black "kekic76"]
[Result "1-0"]
[WhiteElo "2653"]
[BlackElo "2332"]
[TimeControl "180+1"]
[EndTime "8:06:05 PDT"]
[Termination "Franmu14 won by resignation"]

1. e4 c6 2. c4 d5 3. cxd5 cxd5 4. exd5 Nf6 5. Nc3 Nxd5 6. Nf3 Nc6 7. Bb5 Nxc3 8. bxc3 Bd7 9. O-O e6 10. Re1 Be7 11.
d4 O-O 12. Bd3 h6 13. Qe2 Rc8 14. Qe4 f5 15. Qe2 Bf6 16. Rb1 b6 17. Ba3 Re8 18. Rbd1 Ne7 19. c4 Ba4 20. Qxe6+ Kh8 21. Rd2 Bd7 22.
Qf7 Ng8 23. Ne5 Bxe5 24. Rxe5 Rxe5 25. dxe5 Be8 26. Qxf5 g6 27. Qf4 Kh7 28. h4 Ne7 29. h5 Qc7 30. Bd6 Qc6 31. Bxe7 Qa4 32. hxg6+ 1-0

[Event "Early-Titled-Tuesday-Blitz-May-14-2024"]
[Site "Chess.com"]
[Date "2024.05.14"]
[Round "1"]
[White "Alenzer"]
[Black "becemix"]
[Result "0-1"]
[WhiteElo "2207"]
[BlackElo "2589"]
[TimeControl "180+1"]
[EndTime "8:06:05 PDT"]
[Termination "becemix won by resignation"]

1. e4 c5 2. Nf3 d6 3. d4 cxd4 4.
Nxd4 Nf6 5. Nc3 a6 6. Be2 e5 7.
Nf3 Be7 8. O-O O-O 9. Be3 Nbd7 10. Qd2 b5 11. Nd5 Nxd5 12. Qxd5 Rb8 13. Rfd1 Bb7 14.
Qd3 Nf6 15. h3 Bxe4 16. Qb3 Qc8 17. Bd3 Bd5 18. Qc3 Qxc3 19. bxc3 e4 20. Be2 exf3 21.
Bxf3 Bxf3 22. gxf3 Rbc8 23. Bd4 Nd5 24. Bxg7 Kxg7 25.
Rxd5 Rxc3 26. Rd2 Rfc8 27. Rc1 Bg5 28. Rxd6 Bxc1 29. Rd1 Rxc2 30. Kh2 Be3 31. Kg3 Bxf2+ 32. Kf4 R2c4+ 33. Ke5 R8c5+ 34. Kd6 Bg3+ 35. Ke7 Rc7+ 36.
Ke8 Rc8+ 0-1

[Event "Early-Titled-Tuesday-Blitz-May-14-2024"]
[Site "Chess.com"]
[Date "2024.05.14"]
[Round "1"]
[White "InitiatingASC"]
[Black "lucasmito"]
[Result "1-0"]
[WhiteElo "2432"]
[BlackElo "2726"]
[TimeControl "180+1"]
[EndTime "8:06:08 PDT"]
[Termination "InitiatingASC won by resignation"]

1. d4 d5 2. c4 dxc4 3. e3 e5 4. Bxc4 exd4 5. exd4 Ne7 6. Nf3 Nd5 7. O-O Be7 8. Nc3 Be6 9. Qb3 Nxc3 10. bxc3 Bxc4 11. Qxc4 O-O 12. Rb1 b6 13. Bf4 Bd6 14. Ne5 c5 15.
Qd5 Bxe5 16. Qxe5 cxd4 17. Qxd4 Nc6 18. Qe4 Rc8 19. Rfd1 Qf6 20. Rd6 Qxc3 21. Rc1 Rfe8 22. Rxc6 Rcd8 23. Qxe8+ Rxe8 24. R6xc3 1-0

[Event "Early-Titled-Tuesday-Blitz-May-14-2024"]
[Site "Chess.com"]
[Date "2024.05.14"]
[Round "1"]
[White "Mbneu"]
[Black "Vasily_IM"]
[Result "0-1"]
[WhiteElo "2223"]
[BlackElo "2597"]
[TimeControl "180+1"]
[EndTime "8:06:09 PDT"]
[Termination "Vasily_IM won by resignation"]

1. d4 d5 2. c4 e6 3. Nf3 Nf6 4. g3 a6 5. Bg2 dxc4 6. Qc2 b5 7.
Ne5 c6 8. O-O Bb7 9. Rd1 Be7 10.
Bg5 O-O 11. Nc3 Qb6 12. Ne4 Re8 13. Nxf6+ gxf6 14. Nxf7 fxg5 15. Bh3 Bf6 16. f4 Nd7 17. fxg5 Bxd4+ 18. Kf1 Nf8 19. Nh6+ Kg7 20. Qe4 c5 21. Qh4 Ng6 22. Qh5 Rf8+ 23. Ke1 Rad8 24. Rd2 Bf2+ 25. Kd1 Rxd2+ 26. Kxd2 Qd6+ 27. Kc2 Be4+ 0-1

[Event "Early-Titled-Tuesday-Blitz-May-14-2024"]
[Site "Chess.com"]
[Date "2024.05.14"]
[Round "1"]
[White "biveklama"]
[Black "Grischuk"]
[Result "0-1"]
[WhiteElo "2546"]
[BlackElo "3099"]
[TimeControl "180+1"]
[EndTime "8:06:11 PDT"]
[Termination "Grischuk won on time"]

1. e4 e5 2. Nf3 Nc6 3. Bc4 Nf6 4.
d3 Be7 5. a4 O-O 6. a5 d5 7. exd5 Nxd5 8. a6 Nb6 9. axb7 Bxb7 10. Bb3 a5 11. O-O a4 12. Ba2 Nb4 13. Nc3 Nxa2 14.
Rxa2 f6 15. Be3 Qd7 16. Qe2 Nd5 17. Bd2 Nb4 18. Raa1 Nxc2 19. Rac1 Nb4 20. Rfd1 Qxd3 21. Qe1 Nc2 22. Qe2 Nb4 23. Qe1 Bxf3 24. gxf3 Qxf3 25. Be3 Rfd8 26. Qf1 Qg4+ 27. Kh1 Qf3+ 28. Kg1 h6 29.
Qc4+ Kh7 30. Kf1 f5 0-1

[Event "Early-Titled-Tuesday-Blitz-May-14-2024"]
[Site "Chess.com"]
[Date "2024.05.14"]
[Round "1"]
[White "AlexPapasimakopoulos"]
[Black "jasrom"]
[Result "0-1"]
[WhiteElo "2620"]
[BlackElo "2358"]
[TimeControl "180+1"]
[EndTime "8:06:12 PDT"]
[Termination "jasrom won by checkmate"]

1. d4 d5 2. c4 e6 3. Nc3 c6 4. e3 Nf6 5. Nf3 Nbd7 6. Qc2 Bd6 7. Bd3 O-O 8. O-O dxc4 9. Bxc4 e5 10. h3 Qe7 11. a4 Re8 12. a5 h6 13. b3 e4 14. Nd2 Nf8 15. Re1 Ng6 16. Be2 Nh4 17. Nc4 Bc7 18. Ba3 Qe6 19. Bf1 Nh7 20. Red1 Ng5 21.
d5 Qg6 22. Kh1 Bxh3 23. d6 Ngf3 24. g3 Bxf1 25. Rxf1 Qg4 26. gxh4 Qh3# 0-1

[Event "Early-Titled-Tuesday-Blitz-May-14-2024"]
[Site "Chess.com"]
[Date "2024.05.14"]
[Round "1"]
[White "LamaChampetre"]
[Black "manitodeplomo"]
[Result "0-1"]
[WhiteElo "2189"]
[BlackElo "2583"]
[TimeControl "180+1"]
[EndTime "8:06:12 PDT"]
[Termination "manitodeplomo won by resignation"]

1. d4 c5 2. d5 g6 3. Nc3 Bg7 4. e4 d6 5. Nf3 Nf6 6. Bb5+ Bd7 7. a4 Bxb5 8. axb5 Nbd7 9. O-O O-O 10. Bf4 Nb6 11. Re1 Ne8 12. e5 Nc7 13. exd6 exd6 14.
Ne4 Nxb5 15. c3 a6 16. Qb3 c4 17. Qb4 Nxd5 18. Qxc4 Nxf4 19. Qf1 d5 20. Rad1 Qc7 21.
Neg5 h6 22. Nh3 Nxh3+ 23. gxh3 Rad8 24. Qg2 d4 25. cxd4 Nxd4 26. Nxd4 Rxd4 27. Rc1 Rc4 28. Rxc4 Qxc4 29. Qxb7 Qb5 30. Qg2 Qxb2 31. h4 Qf6 32. h5 Qg5 33. hxg6 Qxg6 34. Re3 Qxg2+ 35. Kxg2 Ra8 0-1

[Event "Early-Titled-Tuesday-Blitz-May-14-2024"]
[Site "Chess.com"]
[Date "2024.05.14"]
[Round "1"]
[White "Aleksandar-Topalov"]
[Black "ckgchess"]
[Result "0-1"]
[WhiteElo "2501"]
[BlackElo "2868"]
[TimeControl "180+1"]
[EndTime "8:06:13 PDT"]
[Termination "ckgchess won by resignation"]

1. b3 a5 2. a3 Ra6 3. Bb2 Rg6 4.
Nf3 Nc6 5. c4 d6 6. g3 e5 7. d3 h5 8. h3 Be7 9. Nc3 Be6 10. Nd5 Nf6 11. Nh4 Rgh6 12. Nxe7 Qxe7 13. Nf3 Nd7 14. Bc1 R6h7 15. Ng5 Rh6 16. Bg2 Nd4 17. Bxb7 Nc5 18. Bg2 Ncxb3 19. Rb1 a4 20. e3 Qxg5 21. exd4 Nxc1 22. Qxc1 Qxc1+ 23. Rxc1 exd4 24. Bc6+ Bd7 25. Bxd7+ Kxd7 26. Kd2 Rf6 27. f4 h4 28. Rhg1 hxg3 29.
Rxg3 Rxf4 30. Re1 g6 31. Re2 Rb8 32. Kc2 Rb3 33. Rg4 Rxg4 34. hxg4 Rxa3 35. Re4 Rc3+ 36. Kd2 a3 0-1

[Event "Early-Titled-Tuesday-Blitz-May-14-2024"]
[Site "Chess.com"]
[Date "2024.05.14"]
[Round "1"]
[White "ChainedDowntohell"]
[Black "carloseduar100"]
[Result "1-0"]
[WhiteElo "2594"]
[BlackElo "2211"]
[TimeControl "180+1"]
[EndTime "8:06:13 PDT"]
[Termination "ChainedDowntohell won by resignation"]

1. d4 d5 2. c4 e5 3. e3 exd4 4. cxd5 Qxd5 5. Nc3 Qd8 6. exd4 Nf6 7. Bc4 c6 8. Qb3 Qc7 9. Nf3 Bd6 10. Bg5 b5 11.
Bd3 Nbd7 12. Rc1 Qb6 13. Ne4 Nxe4 14. Bxe4 Bb7 15. O-O O-O 16. Qc2 h6 17. Be3 Rfe8 18.
Bxc6 Rac8 19. d5 Rxe3 20. fxe3 Qxe3+ 21. Qf2 Qxf2+ 22. Kxf2 Bc5+ 23. Kg3 Bxc6 24. dxc6 Rxc6 25. Rfd1 Bd6+ 26. Kh3 Ra6 27. Rc8+ Nf8 28. Nd4 Be5 29. Nf5 g6 30. Rxf8+ 1-0

[Event "Early-Titled-Tuesday-Blitz-May-14-2024"]
[Site "Chess.com"]
[Date "2024.05.14"]
[Round "1"]
[White "cmunda"]
[Black "Pedrada88"]
[Result "0-1"]
[WhiteElo "2145"]
[BlackElo "2573"]
[TimeControl "180+1"]
[EndTime "8:06:13 PDT"]
[Termination "Pedrada88 won by checkmate"]

1. b3 e5 2. Bb2 Nc6 3. g3 d5 4. Bg2 Nf6 5. e3 Bd6 6. Ne2 h6 7. O-O Be6 8. f4 Qd7 9. Nbc3 d4 10. Nb5 O-O 11. fxe5 Bxe5 12. Nf4 dxe3 13. Bxe5 Nxe5 14. Nxe6 fxe6 15. Nc3 Qxd2 16. Qxd2 exd2 17. Rad1 Rad8 18. Rf2 c6 19. Rfxd2 Rxd2 20. Rxd2 Nd5 21. Ne4 Ng4 22. Bh3 h5 23. Nc5 e5 24. Nxb7 e4 25. Bxg4 hxg4 26.
Nd6 Nc3 27. Nc4 Rf3 28. Ne5 e3 29. Rd8+ Kh7 30. Nd3 Nxa2 31. Re8 Nc3 32. Ne1 Ne2+ 33. Kh1 Rf1+ 34. Kg2 Rg1# 0-1

[Event "Early-Titled-Tuesday-Blitz-May-14-2024"]
[Site "Chess.com"]
[Date "2024.05.14"]
[Round "1"]
[White "ContrVersia"]
[Black "imdvb6307"]
[Result "1-0"]
[WhiteElo "2908"]
[BlackElo "2519"]
[TimeControl "180+1"]
[EndTime "8:06:15 PDT"]
[Termination "ContrVersia won by checkmate"]

1. Nf3 d5 2. c4 c6 3. g3 Nf6 4.
Bg2 Bg4 5. Ne5 Be6 6. cxd5 Bxd5 7. Nf3 c5 8. Nc3 Bc6 9. O-O Nbd7 10. Re1 e5 11. e4 Be7 12. Bf1 O-O 13. Bc4 h6 14. d3 Kh7 15. a4 b6 16. Qb3 Qe8 17. Nh4 g6 18. Ng2 Bd8 19. f4 Bc7 20. Rf1 Kg7 21. Ne3 Rd8 22. Ned5 Nxd5 23. Bxd5 Bxd5 24. Nxd5 Bd6 25. f5 Nf6 26. Bxh6+ Kxh6 27. Nxf6 Qc6 28. Ng4+ Kh7 29. fxg6+ fxg6 30. Rf7+ Kh8 31. Raf1 c4 32.
Qxc4 Qxc4 33. dxc4 Rxf7 34. Rxf7 Bc5+ 35. Kg2 Rd2+ 36. Kh3 Kg8 37. Rxa7 Rxb2 38. Nxe5 g5 39. Nd7 Be3 40. Nf6+ Kf8 41. e5 Re2 42. e6 Bc5 43.
Rf7# 1-0

[Event "Early-Titled-Tuesday-Blitz-May-14-2024"]
[Site "Chess.com"]
[Date "2024.05.14"]
[Round "1"]
[White "Lovetov"]
[Black "MITerryble"]
[Result "0-1"]
[WhiteElo "2543"]
[BlackElo "3051"]
[TimeControl "180+1"]
[EndTime "8:06:18 PDT"]
[Termination "MITerryble won by resignation"]

1. d4 e6 2. Nf3 Nf6 3. Nc3 d5 4. Bg5 h6 5. Bh4 c5 6. e4 g5 7.
Bg3 dxe4 8. Ne5 cxd4 9. Bb5+ Ke7 10. O-O Bg7 11. Nc4 Ne8 12. Nxe4 f5 13. Bxe8 Rxe8 14. Ned6 f4 15. Bxf4 gxf4 16. Qh5 Rf8 17. Rfe1 Nc6 18.
Qg4 Bf6 19. Nf5+ Kd7 20. Nxh6 Kc7 21. Qf3 e5 22. Ng4 Bxg4 23. Qxg4 Qd7 24. Qf3 Rg8 25. Rad1 Qg4 26. Qe4 f3 27. Qxg4 Rxg4 28. g3 Rh8 0-1

[Event "Early-Titled-Tuesday-Blitz-May-14-2024"]
[Site "Chess.com"]
[Date "2024.05.14"]
[Round "1"]
[White "FaustinoOro"]
[Black "LoaySameer"]
[Result "1-0"]
[WhiteElo "2965"]
[BlackElo "2531"]
[TimeControl "180+1"]
[EndTime "8:06:19 PDT"]
[Termination "FaustinoOro won by resignation"]

1. Nf3 Nf6 2. b3 g6 3. Bb2 Bg7 4. g3 O-O 5. Bg2 d6 6. d4 Nbd7 7. O-O e6 8. c4 Qe7 9. Nc3 a6 10. e4 e5 11. Qd2 Re8 12. Rfe1 exd4 13. Nxd4 Nc5 14. Rad1 a5 15. h3 c6 16. a3 Nfd7 17. Qc2 h5 18. f4 h4 19. g4 Nf8 20. Nf3 Nfe6 21. Bc1 a4 22. b4 Nb3 23. Be3 Nxf4 24. Bxf4 Qf6 25. Ne2 d5 26. cxd5 cxd5 27. e5 Qb6+ 28. Kh2 Be6 29. Ned4 Rac8 30. Qf2 Qa6 31. Qxh4 Rc4 32. Nxe6 Qxe6 33. Ng5 Qb6 34. Qh7+ Kf8 35.
Rf1 Rxf4 36. Rxf4 1-0

[Event "Early-Titled-Tuesday-Blitz-May-14-2024"]
[Site "Chess.com"]
[Date "2024.05.14"]
[Round "1"]
[White "Aswathchess"]
[Black "MariaFominykh"]
[Result "1-0"]
[WhiteElo "2654"]
[BlackElo "2326"]
[TimeControl "180+1"]
[EndTime "8:06:19 PDT"]
[Termination "Aswathchess won by resignation"]

1. Nf3 Nf6 2. d4 g6 3. Bf4 Bg7 4. e3 d6 5. Nbd2 Nbd7 6. Bd3 b6 7. O-O Bb7 8. c3 O-O 9. h3 Qe8 10. Bh2 e5 11. e4 exd4 12. cxd4 Nxe4 13. Re1 f5 14.
Ng5 Bxd4 15. Ndxe4 fxe4 16. Bc4+ d5 17. Qxd4 dxc4 18.
Qxc4+ Kh8 19. Qxc7 Qc8 20. Qd6 Nf6 21. Ne6 Rf7 22.
Be5 Kg8 23. Ng5 Qd7 24. Nxf7 Qxd6 25. Nxd6 Nd7 26. Nxb7 Nxe5 27. Rxe4 Nd3 28. Rd1 1-0